Map: Lightshade LE

Players

TheJudge

  • Race: Protoss Protoss
  • League: Diamond

TheShredder - Winner!

  • Race: Protoss Protoss
  • League: Diamond

VOD

Have the link to the VOD?

Description

Time

  • Played on: June 28, 2021, 3:06 a.m.
  • Length: 4:26
Show
View Real Time Build Order
Export as new Build Order

TheJudge Protoss 

Build Orders: 1 Gate Expand 

Get SALT Encoding   

  12  0:00  Probe  
  13  0:12  Probe  
  14  0:20  Pylon  
  14  0:25  Probe  
  15  0:38  Probe (Chrono Boost)  
  15  0:41  Gateway  
  16  0:47  Assimilator  
  16  0:50  Probe (Chrono Boost)  
  17  0:59  Probe (Chrono Boost)  
  18  1:05  Probe  
  19  1:17  Probe  
  20  1:29  Probe  
  20  1:32  Nexus  
  21  1:46  Cybernetics Core  
  21  1:52  Probe  
  22  1:54  Assimilator  
  22  2:02  Pylon  
  22  2:04  Probe  
  23  2:23  Stalker (Chrono Boost)  
  23  2:24  Probe  
  23  2:28  Warp Gate  
  26  2:36  Probe  
  27  2:44  Pylon  
  27  2:46  Stalker (Chrono Boost)  
  27  2:49  Robotics Facility, Probe  
  30  3:01  Gateway  
  30  3:07  Pylon, Probe  
  30  3:10  Probe  
  32  3:18  Gateway  
  32  3:26  Probe x2  
  34  3:38  Warp Prism (Chrono Boost)  
  34  3:39  Gateway  
Show
View Real Time Build Order
Export as new Build Order

TheShredder Protoss - Winner!

Build Orders:  

Get SALT Encoding   

  12  0:01  Probe  
  13  0:13  Pylon  
  13  0:17  Probe  
  14  0:26  Assimilator  
  14  0:37  Gateway  
  14  0:42  Probe (Chrono Boost)  
  15  0:52  Probe (Chrono Boost)  
  16  1:24  Cybernetics Core  
  15  1:26  Pylon  
  15  1:35  Probe  
  16  1:41  Cybernetics Core  
  16  1:47  Probe  
  16  1:49  Gateway  
  17  1:56  Warp Gate (Chrono Boost)  
  17  2:01  Probe  
  18  2:09  Gateway  
  18  2:17  Pylon  
  18  2:21  Probe  
  19  2:35  Gateway  
  19  2:45  Gateway  
  19  2:52  Shield Battery  
  19  3:09  Shield Battery  
  19  3:30  Stalker  
  19  3:31  Stalker x2  
  25  3:37  Shield Battery  
  25  3:39  Stalker  
  27  3:56  Stalker  
  27  3:57  Stalker x2  
Tags
 
Add a new tag
Caveats
  • Supply blocks, unpowered buildings, or Contaminate may cause inaccurate times.
  • Supply counts are checked every 10 seconds.